 Dungeon Crawl Stone Soup version 0.28.0-45-g0d030f2227 (webtiles) character file.

Game seed: 861440321668586214

1 Malificent the Bolt Thrower (level 1, 0/17 HPs)
             Began as a Palentonga Hunter on Apr 6, 2022.
             Slain by a gnoll
             ... wielding a +0 halberd
              (6 damage)
             ... on level 2 of the Dungeon.
             The game lasted 00:00:59 (32 turns).

Malificent the Bolt Thrower (Palentonga Hunter)       Turns: 32, Time: 00:01:00

Health: 0/17       AC:  4    Str: 15    XL:     1   Next: 16%
Magic:  1/1        EV:  9    Int: 11    God:
Gold:   5          SH:  0    Dex: 10    Spells: 0/0 levels left

rFire   . . .      SeeInvis +   b - +0 short sword
rCold   . . .      Faith    .   (no shield)
rNeg    . . .      Spirit   .   c - +0 leather armour
rPois   .          Reflect  .   (no helmet)
rElec   .          Harm     .   (no cloak)
rCorr   .          Rampage  .   (no gloves)
Will    .....                   (no barding)
Stlth   +.........              (no amulet)
HPRegen 0.05/turn               (no ring)
MPRegen 0.07/turn               (no ring)

@: no status effects
A: large, rugged brown scales 3, see invisible, deformed body, roll 1, armoured
tail
a: Rolling Charge


You were on level 2 of the Dungeon.
You visited 1 branch of the dungeon, and saw 2 of its levels.

You collected 5 gold pieces.

Inventory:

Hand Weapons
 a - a +1 hand crossbow
 b - a +0 short sword (weapon)
Missiles
 d - 20 bolts
Armour
 c - a +0 leather armour (worn)
Potions
 e - a potion of lignification {unknown}


   Skills:
 + Level 2.0 Fighting
 + Level 3.3 Crossbows
 + Level 1.5 Dodging
 + Level 0.5 Stealth


You couldn't memorise any spells.
You didn't know any spells.
Your spell library was empty.

Dungeon Overview and Level Annotations

Branches:
Dungeon (1/15)

Altars:


Innate Abilities, Weirdness & Mutations

You are completely covered in rugged brown scales. (AC +3, +7% HP)
You have supernaturally acute eyesight. (SInv)
Armour fits poorly on your strangely shaped body.
You can roll at nearby foes to attack.
You have a long armoured tail.


Message History

Welcome, Malificent the Palentonga Hunter.
Will you be the one to retrieve the glorious Orb of Zot from the depths?
Press ? for a list of commands and other information.
Found a long sword and 5 gold pieces.
Found a staircase leading out of the dungeon.
Found 16 stones.
You now have 5 gold pieces.
You see here a +0 long sword.
You don't know any spells.
Found a stone staircase leading down.
A sourceless malevolence fills the Dungeon...
You fall into a shaft and drop 1 floor!
The shaft crumbles and collapses.
A gnoll, a rat and 2 endoplasms come into view.
The endoplasm quivers.
Found 10 gold pieces.
Found a stone staircase leading down.
You see here a fizzy golden potion.
You don't know any spells.
You don't know any spells.
e - a fizzy golden potion The gnoll shouts!
You hear a shout!
The endoplasm hits you but does no damage.
b - a +0 short sword (weapon)
Okay, then.
You hit the endoplasm.
The endoplasm is almost dead.
The endoplasm freezes you.
You are frozen.
The rat barely misses you.
You hit the endoplasm.
You kill the endoplasm!
The endoplasm barely misses you.
The gnoll hits you from afar with a +0 halberd.
The rat barely misses you.
You hit the endoplasm.
The endoplasm is moderately wounded.
The endoplasm freezes you.
You are frozen.
The gnoll hits you from afar with a +0 halberd.
You die...

.... .. #... #.
. ####.>.#..
##.#
.........##...
.........#..#
$........g.
........J#
.......@.#
.......r..#
........#....
........#####..
#########


You could see a gnoll, an endoplasm and a rat.

Vanquished Creatures
  An endoplasm (D:2)
1 creature vanquished.

Notes
Turn   | Place    | Note
-------+----------+-------------------------------------------
     0 | D:1      | Malificent the Palentonga Hunter began the quest for the
                  | Orb.
     0 | D:1      | Reached XP level 1. HP: 17/17 MP: 1/1
    27 | D:1      | You fall into a shaft and drop 1 floor!
    32 | D:2      | Slain by a gnoll

Illustrated notes

Levels and vault maps discovered:
D:1:      dpeg_arrival_lava_altar, layout_basic,
          shapermc_ecumenical_altar_mp_highgroup,
          amcnicky_mini_rare_corridor_liquid
D:2:      layout_basic, minmay_box_of_dots

Action                   || total
-------------------------++-------
Melee: Short sword       ||     3
Armor: Leather armour    ||     1
Dodge: Dodged            ||     3
